 Dungeon Crawl Stone Soup version 0.29.1-1-gd02db6906a (webtiles) character file.

Game seed: 16292793655990484471

176 EvilAshe the Vexing (level 5, -1/21 HPs)
             Began as a Felid Enchanter on Sept 24, 2022.
             Was a Follower of Kikubaaqudgha.
             Slain by Duvessa
             ... wielding a +4 rapier of draining
              (22 damage)
             ... on level 4 of the Dungeon.
             The game lasted 00:11:57 (4209 turns).

EvilAshe the Vexing (Felid Enchanter)               Turns: 4209, Time: 00:11:58

Health: -1/21      AC:  1    Str:  4    XL:     5   Next: 30%
Magic:  5/9        EV: 18    Int: 18    God:    Kikubaaqudgha [*.....]
Gold:   183        SH:  0    Dex: 17    Spells: 3/8 levels left
                                        Lives:  0   Deaths: 1

rFire   . . .      SeeInvis +     - Unarmed
rCold   . . .      Faith    .   (shield unavailable)
rNeg    . . .      Spirit   .   (body armour unavailable)
rPois   .          Reflect  .   (helmet unavailable)
rElec   .          Harm     .   (cloak unavailable)
rCorr   .          Rampage  .   (gloves unavailable)
Will    .....                   (boots unavailable)
Stlth   +++.......              d - amulet of regeneration
HPRegen 0.87/turn               (no ring)
MPRegen 0.11/turn               (no ring)

@: confusing by touch, quick
A: very small, claws 1, fangs 3, see invisible, speed 1, shaggy fur 1, stealthy
paws, no weapons or thrown items, no armour, multi-lived
a: Renounce Religion, Unearth Wretches


You were on level 4 of the Dungeon.
You worshipped Kikubaaqudgha.
Kikubaaqudgha was aware of your devotion.
You visited 1 branch of the dungeon, and saw 4 of its levels.

You collected 183 gold pieces.

Inventory:

Jewellery
 d - an amulet of regeneration (around neck)
Scrolls
 e - 4 scrolls of identify
 f - a scroll of fear
 g - a scroll of teleportation {unknown}
 k - a scroll of amnesia {unknown}
Potions
 a - 2 potions of invisibility
 b - 4 potions of flight {unknown}
 c - a potion of curing {unknown}
 h - a potion of experience {unknown}
 i - a potion of heal wounds {unknown}
 j - a potion of attraction {unknown}


   Skills:
 + Level 3.1 Dodging
 + Level 5.9 Stealth
 + Level 3.0 Unarmed Combat
 - Level 2.0 Spellcasting
 * Level 6.4 Hexes
 + Level 2.0 Ice Magic


You had 3 spell levels left.
You knew the following spells:

 Your Spells              Type           Power      Damage    Failure   Level
a - Ensorcelled Hibernat  Hex/Ice        34%        N/A       4%          2
b - Confusing Touch       Hex            24%        N/A       3%          3

Your spell library contained the following spells:

 Spells                   Type           Power      Damage    Failure   Level
 Tukima's Dance           Hex            24%        N/A       3%          3
 Dazzling Flash           Conj/Hex       26%        N/A       14%         3
 Necrotise                Necr           4%         1d4       19%         1
 Sublimation of Blood     Necr           1%         N/A       26%         2
 Vampiric Draining        Necr           1%         2d6       47%         3
 Anguish                  Hex/Necr       6%         N/A       43%         4


Dungeon Overview and Level Annotations

Branches:
Dungeon (4/15)             Temple (0/1) D:4

Altars:
Cheibriados
Hepliaklqana
Kikubaaqudgha
Okawaru
Ru
Xom

Annotations:
D:4 Duvessa


Innate Abilities, Weirdness & Mutations

You have sharp claws.
You have razor-sharp teeth.
You have supernaturally acute eyesight. (SInv)
You cover ground quickly. (Speed+)
You are covered in fur. (AC +1)
Your paws help you pounce on unaware monsters.
You are incapable of wielding weapons or throwing items.
You cannot wear armour.
You gain extra lives every three experience levels.


Message History

Found a stone staircase leading down.
Found a robe.
The ufetubus shouts!
The goblin shouts!
The goblin misses you.
You closely miss the goblin.
Casting: Ensorcelled Hibernation (safe; 4% risk of failure)
Confirm with . or Enter, or press ? or * to list all spells.
Aiming: Ensorcelled Hibernation (safe; 4% risk of failure)
Press: ? - help, Shift-Dir - straight line, f - goblin
Aim: a goblin, wielding a +0 club (chance to affect: 67%)
The goblin looks drowsy...
You hear a shout!
The ufetubus hits you. The ufetubus barely misses you.
The ufetubus completely misses you. The ufetubus closely misses you.
You pounce on the unaware helpless goblin!
You mangle the goblin!!
You kill the goblin!
Kikubaaqudgha accepts your kill. The ufetubus barely misses you.
The ufetubus closely misses you.
You scratch the ufetubus.
The ufetubus is severely wounded.
The ufetubus misses you. The ufetubus completely misses you.
The ufetubus misses you. The ufetubus barely misses you.
You scratch the ufetubus.
You kill the ufetubus!
Kikubaaqudgha accepts your kill.
An iguana comes into view.
You see here a coppery potion.
You see here a coppery potion.
You hear a shout!
Casting: Ensorcelled Hibernation (safe; 4% risk of failure)
Confirm with . or Enter, or press ? or * to list all spells.
The spell is quite dangerous to miscast (3% risk of failure)!
Continue anyway?
Your paws begin to glow red.
You scratch Duvessa but do no damage.
Duvessa hits you with a +4 rapier of draining!!
Ouch! That really hurt!
You die...
Kikubaaqudgha rasps: "You have failed me!
Welcome... death!"

*,*,**,,*.......#*,,,,,,,,,,,****
,,*,#*,,*#)#....#*,****,,,,,,,,.!
*,,,..>.##.#....#*,****,,.****#.#
***,**#.........#*,**,,...,,,*#?#
*,* ######...##*,**,*.l.*#,*#.#
*,* #...# *,,,,....##.##.#
***,########.>.######g#.#........
,,..#.................#......##..
*,..............@e!...#*#....g†e.
*,*##.................# #...###..
*,* ######.#...#.###### #.*** #.$
*,* #.#...#.# *,* **### *,*
#.#...#.# *,* *,,,, ,,* #.#...#.#
*,* *,*** *,* #.#...#.# *,***,***
,,* #.......# *,,,,,,,, *,*
###...### *****,**,


You could see Duvessa (berserk) and a goblin.

Vanquished Creatures
  Dowan (D:4)
  A hound (D:4)
  Crazy Yiuf (D:3)
  Jessica (D:3)
  Terence (D:3)
  3 gnolls (D:3)
  An ufetubus (D:4)
  2 worms
  2 dart slugs (D:2)
  4 orcs
  10 endoplasms
  3 giant cockroaches
  6 goblins
  6 hobgoblins
  2 jackals (D:1)
  6 quokkas
  10 ball pythons
  2 bats
  4 frilled lizards
  3 kobolds
  7 rats
76 creatures vanquished.

Notes
Turn   | Place    | Note
-------+----------+-------------------------------------------
     0 | D:1      | EvilAshe the Felid Enchanter began the quest for the Orb.
     0 | D:1      | Reached XP level 1. HP: 7/7 MP: 4/4
   302 | D:1      | Found a faded altar of an unknown god.
   717 | D:2      | Reached XP level 2. HP: 11/11 MP: 6/6
   932 | D:2      | Learned a level 2 spell: Ensorcelled Hibernation
  1316 | D:1      | Reached skill level 5 in Hexes
  1430 | D:1      | Reached XP level 3. HP: 14/14 MP: 7/7
  1573 | D:1      | Learned a level 3 spell: Confusing Touch
  2088 | D:3      | Found a hazy altar of Hepliaklqana.
  2088 | D:3      | Found a sacrificial altar of Ru.
  2088 | D:3      | Found an ancient bone altar of Kikubaaqudgha.
  2088 | D:3      | Found a snail-covered altar of Cheibriados.
  2089 | D:3      | Found a shimmering altar of Xom.
  2089 | D:3      | Found an iron altar of Okawaru.
  2089 | D:3      | Noticed Terence
  2089 | D:3      | Noticed Jessica
  2313 | D:2      | Identified the +5 hand axe of Focus {flame, rF+ rC+ rN+
                  | Str+2}
  2506 | D:2      | Reached skill level 1 in Ice Magic
  2743 | D:3      | Became a worshipper of Kikubaaqudgha
  2765 | D:3      | Reached skill level 5 in Stealth
  2765 | D:3      | Reached XP level 4. HP: 18/18 MP: 3/8
  2958 | D:3      | Killed Jessica
  3178 | D:3      | Found a runed translucent door.
  3179 | D:3      | Noticed Crazy Yiuf
  3237 | D:3      | Killed Crazy Yiuf
  3238 | D:3      | Reached XP level 5. HP: 21/21 MP: 4/9
  3567 | D:4      | Noticed Duvessa
  3567 | D:4      | Noticed Dowan
  3570 | D:4      | Killed Dowan
  3571 | D:4      | Reached skill level 6 in Hexes
  3577 | D:4      | Slain by Duvessa
  3578 | D:4      | Reached XP level 4. HP: -3/16 MP: 8/8
  3913 | D:3      | Killed Terence
  4100 | D:4      | Reached * piety under Kikubaaqudgha
  4100 | D:4      | Received a gift from Kikubaaqudgha
  4101 | D:4      | Reached XP level 5. HP: 21/21 MP: 9/9
  4209 | D:4      | Slain by Duvessa

Illustrated notes

Levels and vault maps discovered:
D:1:      dpeg_arrival_connections, layout_loops_ring,
          dreamdust_ecumenical_altar_hidden_monk_grotto
D:2:      layout_rooms, roderic_lattice_a, nicolae_elevator_lobby_plus
D:3:      layout_rooms, grunt_temple_overflow_open, uniq_terence,
          uniq_crazy_yiuf_cottage, uniq_jessica
D:4:      layout_loops_cross, nicolae_uskayaw_dance_hall, temple_fountains,
          uniq_duvessa

Skill      XL: |  1  2  3  4  5 |
---------------+----------------+-----
Hexes          | 5 6 |  6.4
Unarmed Combat | 2 3 |  3.0
Ice Magic      | 1 2 |  2.0
Stealth        | 5 |  5.9
Dodging        | 3 |  3.1
Spellcasting   | |  2.0

Action                   |  1- 3 |  4- 6 || total
-------------------------+-------+-------++-------
Melee: Unarmed           |   107 |    47 ||   154
       Bite              |     6 |     3 ||     9
       Punch             |     1 |       ||     1
 Cast: Ensorcelled Hiber |    28 |    29 ||    57
       Confusing Touch   |       |     1 ||     1
  Use: Scroll            |       |     2 ||     2
 Stab: Sleeping          |    30 |    21 ||    51
Armor: Skin              |     6 |       ||     6
Dodge: Dodged            |    61 |    49 ||   110
